cohdb
Replays
Latest Replays
All Replays
Popular Replays
Top Player Replays
Match Explorer
How It Works
Community
CoH3 Stats
Reddit
Sign in to upload your games and track your stats! →
Sign in with Steam
Match 42614593
Unlisted
Match 42614593
Overview
Messages
Build Orders
End
Pioneer Squad
Construct Infanterie Kompanie
Grenadier Squad
Grenadier Squad
MG 42 Machine Gun Team
Grenadier Squad
Construct Luftwaffe Kompanie
Selects Mechanized Battlegroup
Selects Mechanized Battlegroup
221 Scout Car
Selects Raid Package
Jäger Squad
Jäger Squad
Selects StuG Assault Group
StuG Assault Group
Luftwaffe Officer Quarters
StuG Assault Group
Selects Panther Heavy Tank
Panther Heavy Tank
Monsieur Nathan
DangerouslyDumb
Right Click God
SoldMyDad
Pixel
Chubbybro
周末不日常
Clara
0
0
Comments
sign in to comment!
No comments posted yet!